 Dungeon Crawl Stone Soup version 0.31.0-9-g3a7656b989 (webtiles) character file.

Game seed: 343306013139020936

2292 Kass the Covert (level 9, -6/39 (43) HPs)
             Began as a Spriggan Enchanter on Jan 28, 2024.
             Was a Believer of Wu Jian.
             Mangled by a wight
             ... wielding a +3 mace of freezing
              (9 damage)
             ... on level 6 of the Dungeon.
             The game lasted 00:29:33 (7722 turns).

Kass the Covert (Spriggan Enchanter)                Turns: 7722, Time: 00:29:34

HP:   -6/39 (43)    AC:  2    Str:  8    XL:     9   Next: 17%
MP:   21/26         EV: 20    Int: 17    God:    Wu Jian [**....]
Gold: 597           SH:  0    Dex: 15    Spells: 8/17 levels left

rFire   . . .        w - +0 dagger (drain)
rCold   . . .        (no shield)
rNeg    . . .        b - +0 robe
rPois   .            (helmet restricted)
rElec   .            (no cloak)
rCorr   .            (gloves unavailable)
SInv    +            (boots unavailable)
Will    ++...        (no amulet)
Stlth   +++++        J - ring of willpower
HPRegen 0.26/turn    H - ring of magical power
MPRegen 0.20/turn

%: no passive effects
@: confusing by touch, drained, very quick
A: very small, no large weapons, unfitting armour, see invisible, speed 3
a: Renounce Religion, Wall Jump


You were on level 6 of the Dungeon.
You worshipped Wu Jian.
Wu Jian was pleased with you.
You visited 2 branches of the dungeon, and saw 8 of its levels.
You also visited: Ossuary.

You collected 597 gold pieces.

Inventory:

Hand Weapons
 a - a +1 dagger
 w - a +0 dagger of draining (weapon)
Missiles
 o - 6 boomerangs (quivered)
 x - 2 throwing nets
 y - 5 darts of dispersal
Armour
 b - a +0 robe (worn)
 z - an orb of light
Jewellery
 e - a +6 ring of strength
 i - a ring of resist corrosion
 G - a ring of fire
 H - a ring of magical power (right hand)
 J - a ring of willpower (left hand)
Talismans
 j - a flux talisman
 F - a blade talisman
Wands
 u - a wand of roots (11)
 E - a wand of polymorph (5)
Scrolls
 f - 7 scrolls of identify
 g - 5 scrolls of teleportation
 k - 2 scrolls of vulnerability {unknown}
 l - a scroll of noise {unknown}
 p - a scroll of fog {unknown}
 r - a scroll of silence {unknown}
 s - 2 scrolls of revelation {unknown}
 v - 3 scrolls of enchant weapon {unknown}
 A - a scroll of butterflies {unknown}
Potions
 c - a potion of invisibility
 d - 5 potions of curing {unknown}
 h - 2 potions of degeneration {unknown}
 m - 8 potions of heal wounds {unknown}
 n - 4 potions of haste {unknown}
 q - 4 potions of enlightenment {unknown}
 t - a potion of resistance {unknown}
 B - 2 potions of mutation {unknown}
 C - 3 potions of berserk rage {unknown}
 D - a potion of ambrosia {unknown}
 I - a potion of cancellation {unknown}


   Skills:
 + Level 2.4 Fighting
 + Level 5.1 Short Blades
 + Level 6.6 Dodging
 + Level 10.5 Stealth
 + Level 4.7 Spellcasting
 + Level 8.1 Hexes
 + Level 4.4 Translocations


You had 8 spell levels left.
You knew the following spells:

 Your Spells              Type           Power      Damage    Failure   Level
a - Ensorcelled Hibernat  Hex/Ice        34%        N/A       4%          2
b - Blink                 Tloc           36%        N/A       3%          2
c - Confusing Touch       Hex            31%        N/A       1%          3
d - Lesser Beckoning      Tloc           36%        N/A       3%          2

Your spell library contained the following spells:

 Spells                   Type           Power      Damage    Failure   Level
 Slow                     Hex            100%       N/A       1%          1
 Sigil of Binding         Hex            31%        N/A       1%          3
 Tukima's Dance           Hex            31%        N/A       1%          3
 Apportation              Tloc           36%        N/A       2%          1
 Teleport Other           Tloc           18%        N/A       7%          3
 Momentum Strike          Conj/Tloc      22%        3d8       9%          2
 Dazzling Flash           Conj/Hex       34%        N/A       9%          3
 Magic Dart               Conj           16%        1d3       14%         1
 Call Imp                 Summ           8%         N/A       22%         2
 Mephitic Cloud           Conj/Alch/Air  4%         N/A       41%         3
 Vampiric Draining        Necr           4%         2d6       41%         3
 Ignite Poison            Fire/Alch      4%         N/A       82%         4
 Sticky Flame             Fire/Alch      4%         2d4       82%         4
 Summon Lightning Spire   Summ/Air       4%         N/A       82%         4
 Ignition                 Fire           2%         3d3       100%        8


Dungeon Overview and Level Annotations

Branches:
Dungeon (7/15)             Temple (1/1) D:4         Ossuary (visited)

Altars:
Ashenzari
Cheibriados
Elyvilon
Gozag
Hepliaklqana
Kikubaaqudgha
Makhleb
Nemelex Xobeh
Okawaru
Qazlal
Ru
Sif Muna
Uskayaw
Vehumet
Wu Jian
Xom
Yredelemnul
Zin
The Shining One


Innate Abilities, Weirdness & Mutations

You are very small and have problems with some larger weapons.
You are too small for most types of armour.
You have supernaturally acute eyesight. (SInv)
You cover ground extremely quickly. (Speed+++)


Message History

There is a stone staircase leading down here.
You start resting.
You can no longer move at supernatural speeds.
You start resting.
HP restored.
You climb downwards.
The wight closely misses you.
The wight completely misses you. x2; The wight barely misses you.
There is a stone staircase leading up here.
The wight barely misses you.
The wight hits you with a +3 mace of freezing!
The wight freezes you.
You climb upwards.
There is a stone staircase leading down here.
You spin and attack the wight.
You hit the wight but do no damage.
Casting: Ensorcelled Hibernation (safe; 4% risk of failure)
Confirm with . or Enter, or press ? or * to list all spells.
Your hands begin to glow red.
You hit the wight but do no damage.
The wight appears confused.
You strike the helpless wight from behind!
You impale the wight!!
You destroy the wight!
The Council accepts your kill. The wight misses you.
Your life force feels restored.
Casting: Confusing Touch (safe; 1% risk of failure)
Confirm with . or Enter, or press ? or * to list all spells.
Your hands begin to glow red.
The wight hits you with a +3 mace of freezing!
You feel drained. The wight freezes you.
You hit the wight but do no damage. You barely miss the wight.
The wight hits you with a +3 mace of freezing!
* * * LOW HITPOINT WARNING * * *
You feel drained.
* * * LOW HITPOINT WARNING * * *
The wight freezes you.
* * * LOW HITPOINT WARNING * * *
The wight attacks as it pursues you!
The wight hits you with a +3 mace of freezing!
You die...

##...####....# ##.......
##..### ##...## ###.......
#..## ##...######.........
#.## ##..........[...<.# #.#
#.......)........# #>##
##...............# #..######
#.).............#
#.......######z...............
##.........##@....)...........
######...........######......
###.......### #######
#......## #.....## ##.....##
### #.......# ##..
##.......### ##...
#...[<.....##### #....


You could see a wight.

Vanquished Creatures
  Sigmund (D:5)
  4 water moccasins
  2 black bears (D:6)
  3 ogres
  2 centaurs (D:7)
  2 bullfrogs
  A wight (D:6)
  A howler monkey (D:6)
  2 bombardier beetles (D:4)
  A jelly (D:7)
  4 hounds
  2 orc priests
  3 sleepcaps
  5 iguanas
  2 orc wizards
  8 mummies (Ossuary)
  3 gnolls (D:5)
  12 adders
  A white imp (D:7)
  An ufetubus (D:5)
  3 dart slugs
  A ribbon worm (D:3)
  21 orcs
  9 endoplasms
  3 giant cockroaches
  6 goblins
  7 hobgoblins
  8 jackals
  7 kobolds
  3 quokkas
  4 ball pythons
  6 bats
  4 frilled lizards
  2 gnoll zombies (Ossuary)
  2 hobgoblin zombies (Ossuary)
  A kobold zombie (Ossuary)
  3 orc zombies (Ossuary)
  5 rats
155 creatures vanquished.

Notes
Turn   | Place    | Note
-------+----------+-------------------------------------------
     0 | D:1      | Kass the Spriggan Enchanter began the quest for the Orb.
     0 | D:1      | Reached XP level 1. HP: 9/9 MP: 5/5
   285 | D:1      | Reached XP level 2. HP: 13/13 MP: 6/6
   297 | D:1      | Reached skill level 5 in Stealth
   465 | D:1      | Learned a level 2 spell: Ensorcelled Hibernation
   468 | D:1      | Learned a level 2 spell: Blink
   724 | D:1      | Reached XP level 3. HP: 10/16 MP: 8/8
  1155 | D:1      | Reached skill level 6 in Stealth
  1281 | D:2      | Learned a level 3 spell: Confusing Touch
  1287 | D:2      | Reached XP level 4. HP: 21/21 MP: 6/9
  1341 | D:2      | You fall into a shaft and drop 2 floors!
  1403 | D:4      | Reached skill level 5 in Hexes
  1575 | D:4      | Got the Atlas of Dislocated Lightning
  1622 | D:4      | Reached skill level 7 in Stealth
  1643 | D:4      | Reached XP level 5. HP: 24/24 MP: 10/10
  1684 | D:4      | Noticed an angel
  1688 | D:4      | Learned a level 2 spell: Lesser Beckoning
  1688 | D:4      | Found a glowing silver altar of Zin.
  1688 | D:4      | Found a shimmering altar of Xom.
  1923 | D:4      | Found a staircase to the Ecumenical Temple.
  2198 | Temple   | Entered the Ecumenical Temple
  2327 | Temple   | Became a worshipper of the Wu Jian Council
  2455 | D:3      | Found a hide-covered altar of Uskayaw.
  2613 | D:3      | Found a shimmering blue altar of Sif Muna.
  2621 | D:3      | Reached XP level 6. HP: 28/28 MP: 4/11
  3045 | D:3      | Found an opulent altar of Gozag.
  3146 | D:3      | Reached skill level 8 in Stealth
  3736 | D:4      | Reached * piety under Wu Jian
  3796 | D:5      | Entered Level 5 of the Dungeon
  4068 | D:5      | Noticed Sigmund
  4083 | D:5      | Killed Sigmund
  4181 | D:5      | Reached XP level 7. HP: 32/32 MP: 7/12
  4274 | D:5      | Found a sand-covered staircase.
  4283 | Ossuary  | Entered an ossuary
  4992 | D:5      | Reached ** piety under Wu Jian
  4993 | D:5      | Reached skill level 5 in Dodging
  4993 | D:5      | Reached skill level 9 in Stealth
  5041 | D:5      | Reached skill level 1 in Translocations
  5136 | D:5      | Found a white marble altar of Elyvilon.
  5216 | D:5      | Reached XP level 8. HP: 37/37 MP: 9/13
  5270 | D:5      | Reached skill level 1 in Fighting
  6648 | D:6      | Reached skill level 10 in Stealth
  6919 | D:6      | Found a stormy altar of Qazlal.
  7349 | D:7      | Reached XP level 9. HP: 39/42 MP: 16/16
  7457 | D:7      | Reached *** piety under Wu Jian
  7503 | D:7      | Found a snail-covered altar of Cheibriados.
  7510 | D:7      | Reached skill level 5 in Short Blades
  7722 | D:6      | Mangled by a wight

Illustrated notes

Levels and vault maps discovered:
D:1:      minmay_arrival_stair_chambers, layout_basic,
          corexii_item_surrounded_by_moat, minmay_split_cup_small
D:2:      layout_rooms, item_on_display_a
D:3:      layout_basic, nicolae_gozag_seed_capital, kennysheep_orc_sif_temple,
          old_standard_altar, chequers_serial_rivers_large_a
D:4:      minmay_spotlight, layout_loops_ring,
          grunt_temple_overflow_order_and_chaos_1, temple_doors_e
D:5:      cheibrodos_helix_gallery, layout_basic, elyvilon_altar_5,
          lightli_ossuary_entry_decrepit_ruins, uniq_sigmund
D:6:      layout_layer_cave, lemuel_coloured_pillars_altar,
          serial_library_hellmonk_angled_corner
D:7:      layout_rooms, mainiacjoe_overflow_chevrons
Temple:   minmay_temple_curvy_loop

Skill      XL: |  1  2  3  4  5  6  7  8  9 |
---------------+----------------------------+-----
Hexes          | 4 5 6 7 8 |  8.1
Stealth        | 5 6 7 8 9 10 | 10.5
Dodging        | 3 4 5 6 |  6.6
Short Blades   | 2 3 4 5 |  5.1
Translocations | 1 4 |  4.4
Spellcasting   | 3 4 |  4.7
Fighting       | 2 |  2.4

Action                     |  1- 3 |  4- 6 |  7- 9 || total
---------------------------+-------+-------+-------++-------
  Melee: Dagger            |    73 |    86 |   250 ||   409
         Punch             |       |       |     1 ||     1
  Throw: Boomerang         |       |       |    10 ||    10
   Cast: Ensorcelled Hiber |    12 |    27 |    47 ||    86
         Confusing Touch   |       |     1 |    15 ||    16
         Blink             |       |       |     1 ||     1
Ability: Lunge             |       |     9 |    27 ||    36
         Whirlwind         |       |     2 |     6 ||     8
    Use: Scroll            |       |       |     2 ||     2
         Potion            |       |       |     1 ||     1
   Stab: Sleeping          |    23 |    33 |    30 ||    86
         Distracted        |     1 |       |     2 ||     3
         Confused          |       |     1 |    15 ||    16
         Invisible         |       |       |     1 ||     1
 Armour: Robe              |    14 |    19 |    50 ||    83
  Dodge: Dodged            |    51 |    57 |   138 ||   246
